 Dungeon Crawl Stone Soup version 0.26.1-2-gb8aa6d0cf2 (webtiles) character file.

Game seed: 11579998160925994411

134689 FishyPogo the Martial Artist (level 17, -4/131 HPs)
             Began as a Gnoll Transmuter on Mar 1, 2021.
             Was the Champion of Cheibriados.
             Splashed by an oklob plant's acid (12 damage)
             ... on level 5 of the Lair of Beasts.
             The game lasted 02:06:35 (27567 turns).

FishyPogo the Martial Artist (Gnoll Transmuter)    Turns: 27567, Time: 02:06:37

Health: -4/131     AC:  6    Str: 42    XL:     17   Next: 17%
Magic:  23/32      EV: 24    Int: 41    God:    Cheibriados [******]
Gold:   3275       SH: 17    Dex: 31    Spells: 8/39 levels left

rFire    + . .     SeeInvis .   a - +8 falchion "Maacw" {vamp, Str+6}
rCold    . . .     Faith    .   x - +3 warlock's mirror {reflect}
rNeg     + . .     Spirit   .   p - +1 scale mail {rF+}
rPois    .         Reflect  +   (helmet currently unavailable)
rElec    .         Harm     .   C - +2 cloak
rCorr    .         Rampage  .   z - +0 pair of gloves of Dogmatism {Int+6}
Will     +....                  (boots currently unavailable)
Stlth    ++++......             K - amulet of reflection
HPRegen  0.31/turn              U - ring of positive energy
MPRegen  0.23/turn              Q - +6 ring of strength

@: appendages (expiring), frozen, corroded, very slow
A: distributed training, fangs 1, horns 2, talons 2, strong nose
a: End Transformation, Renounce Religion, Bend Time, Temporal Distortion,
Slouch, Step From Time


You were on level 5 of the Lair of Beasts.
You worshipped Cheibriados.
Cheibriados was exalted by your worship.
You had grown temporary horns.
You had grown temporary talons.
You visited 3 branches of the dungeon, and saw 22 of its levels.
You also visited: Bailey and Volcano.

You collected 3275 gold pieces.

Inventory:

Hand Weapons
 a - the +8 falchion "Maacw" (weapon) {vamp, Str+6}
   (You found it on level 10 of the Dungeon)

   It inflicts no extra harm, but heals its wielder when it wounds a living foe.
   It affects your strength (+6).
 b - a +3 scimitar of flaming
 q - a +1 battleaxe of flaming
 u - the +3 broad axe of Departure {freeze, rPois rN+ Will+}
   (You found it on level 4 of the Dungeon)

   It has been specially enchanted to freeze those struck by it, causing extra
   injury to most foes and up to half again as much damage against particularly
   susceptible opponents.
   It can also slow down cold-blooded creatures.
   It protects you from poison.
   It protects you from negative energy.
   It affects your willpower, your defense against some magical effects.
 w - a +3 scimitar of holy wrath
Missiles
 D - 63 poisoned darts
 L - 2 boomerangs of dispersal
Armour
 p - a +1 scale mail of fire resistance (worn)
 x - the +3 warlock's mirror (worn) {reflect}
   (You found it on level 11 of the Dungeon)
 z - the +0 pair of gloves of Dogmatism (worn) {Int+6}
   (You found it in a volcano)

   It affects your intelligence (+6).
 B - the +2 ring mail of Paskoiff {rC++ Will+}
   (You found it on level 5 of the Lair of Beasts)

   It greatly protects you from cold.
   It affects your willpower, your defense against some magical effects.
 C - a +2 cloak (worn)
 M - a +0 pair of boots (melded)
 W - a +2 ring mail of poison resistance
Magical Staves
 E - an uncursed staff of death
Jewellery
 K - an amulet of reflection (around neck)
 Q - a +6 ring of strength (right hand)
 U - a ring of positive energy (left hand)
Wands
 d - a wand of enslavement (8)
 G - a wand of polymorph (33)
 H - a wand of paralysis (5)
 J - a wand of acid (23)
 R - a wand of disintegration (9)
 X - a wand of iceblast (10)
Scrolls
 e - a scroll of amnesia
 f - 3 scrolls of blinking
 i - 9 scrolls of remove curse
 l - 7 scrolls of identify
 n - 13 scrolls of teleportation
 o - 3 scrolls of fear
 s - 2 scrolls of enchant armour
 y - a scroll of silence
 T - 3 scrolls of enchant weapon
Potions
 c - 2 potions of might
 g - 12 potions of curing
 h - 3 potions of lignification
 j - 2 potions of resistance
 k - 5 potions of flight
 m - a potion of invisibility
 r - 2 potions of heal wounds
 t - 6 potions of attraction
 A - 3 potions of cancellation
 O - 3 potions of magic
 S - a potion of ambrosia
Miscellaneous
 v - a lightning rod (4/4)
 F - a tin of tremorstones (2/2)
 V - a phial of floods
 Y - a phial of floods


   Skills:
 + Level 11.1 Fighting
 + Level 10.8 Short Blades
 + Level 10.8 Long Blades
 + Level 10.8 Axes
 + Level 10.8 Maces & Flails
 + Level 10.8 Polearms
 + Level 10.8 Staves
 + Level 10.8 Slings
 + Level 10.8 Bows
 + Level 10.8 Crossbows
 + Level 10.8 Throwing
 + Level 10.8 Armour
 + Level 11.6 Dodging
 + Level 10.8 Stealth
 + Level 10.8 Shields
 + Level 12.4 Unarmed Combat
 + Level 11.8 Spellcasting
 + Level 9.2 Conjurations
 + Level 9.2 Hexes
 + Level 9.2 Summonings
 + Level 9.2 Necromancy
 + Level 9.2 Translocations
 + Level 10.0 Transmutations
 + Level 9.2 Fire Magic
 + Level 9.2 Ice Magic
 + Level 9.2 Air Magic
 + Level 9.2 Earth Magic
 + Level 9.2 Poison Magic
 + Level 11.7 Invocations
 + Level 10.8 Evocations


You had 8 spell levels left.
You knew the following spells:

 Your Spells              Type           Power        Failure   Level
c - Fireball              Conj/Fire      39%          1%          5
j - Borgnjor's Vile Clut  Necr/Erth      39%          1%          5
k - Excruciating Wounds   Necr           39%          1%          5
l - Summon Lightning Spi  Summ/Air       79%          1%          4
n - Spider Form           Tmut/Pois      40%          1%          3
s - Silence               Hex/Air        39%          1%          5
u - Wereblood             Tmut           82%          1%          2
y - Beastly Appendage     Tmut           100%         1%          1
z - Foxfire               Conj/Fire      100%         1%          1

Your spell library contained the following spells:

 Spells                   Type           Power        Failure   Level
 Apportation              Tloc           100%         1%          1
 Shock                    Conj/Air       100%         1%          1
 Corpse Rot               Necr/Air       N/A          1%          2
 Sublimation of Blood     Necr           39%          1%          2
 Swiftness                Air            79%          1%          2
 Conjure Flame            Conj/Fire      79%          1%          3
 Inner Flame              Hex/Fire       79%          1%          3
 Lesser Beckoning         Tloc           39%          1%          3
 Static Discharge         Conj/Air       79%          1%          3
 Summon Guardian Golem    Hex/Summ       79%          1%          3
 Tukima's Dance           Hex            79%          1%          3
 Airstrike                Air            39%          1%          4
 Animate Dead             Necr           39%          1%          4
 Cause Fear               Hex            39%          1%          4
 Dispel Undead            Necr           79%          1%          4
 Ice Form                 Ice/Tmut       80%          1%          4
 Sticky Flame             Conj/Fire      79%          1%          4
 Agony                    Necr           79%          1%          5
 Alistair's Intoxication  Tmut/Pois      53%          1%          5
 Blade Hands              Tmut           41%          1%          5
 Lightning Bolt           Conj/Air       39%          1%          5
 Yara's Violent Unravell  Hex/Tmut       40%          1%          5
 Eringya's Noxious Bog    Tmut/Pois      40%          6%          6
 Conjure Ball Lightning   Conj/Air       39%          7%          6
 Death Channel            Necr           39%          7%          6
 Invisibility             Hex            79%          7%          6
 Simulacrum               Ice/Necr       39%          7%          6
 Spellforged Servitor     Conj/Summ      39%          36%         7
 Discord                  Hex            39%          97%         8
 Tornado                  Air            39%          100%        9


Dungeon Overview and Level Annotations

Branches:
Dungeon (15/15)            Temple (0/1) D:7            Lair (5/6) D:11
  Swamp (0/4) Lair:3        Snake (0/4) Lair:2        Slime (0/5) Lair:5
    Orc (2/2) D:10            Elf (0/3) Orc:2        Vaults (0/5) D:14
 Depths (0/5) D:15         Bailey (visited)         Volcano (visited)

Altars:
Ashenzari
Cheibriados
Dithmenos
Fedhas
Kikubaaqudgha
Nemelex Xobeh
Okawaru
Ru
Trog
Beogh
Jiyva

Shops:
D:9 (   D:12 [!   D:14 (   Orc:2 =([:*

Annotations:
D:10 1 runed translucent door
Lair:5 exclusion: 5 oklob plants


Innate Abilities, Weirdness & Mutations

Your experience applies equally to all skills.
You have very sharp teeth.
Your uncanny sense of smell can sniff out nearby items.
You have a pair of horns on your head.
You have razor-sharp toenails.


Message History

The acid corrodes you!
You are splashed with acid!
* * * LOW HITPOINT WARNING * * *
The rime drake breathes ice at you. The flash freeze hits you!!
* * * LOW HITPOINT WARNING * * *
You are encased in ice.
You are too injured to fight recklessly!
You feel much better.
Your transformation is almost over.
You block the rime drake's attack. The oklob plant spits acid at you.
The splash of acid hits you!
* * * LOW HITPOINT WARNING * * *
The acid corrodes you!
You are splashed with acid!!
* * * LOW HITPOINT WARNING * * *
The oklob plant spits acid at you. The splash of acid hits you.
* * * LOW HITPOINT WARNING * * *
You are splashed with acid!
You die...

,*,,,,,,,...* ##..# ##.......'..
*,,,,,,,,..,*###.## #.#..##.##..
**,,,,,,,,,,*#...# ##.#######..
*,,,,,,.,,,*##..# ### ##..
*,,,,,,..,***#..# #...
**,,,,,#P.*,*##.## #P.[
*,,,,,....,**#..# ##.#
****,,,.....,*#.P# #*###
**,,,,,,...P..##@.# #.###
,,,,,,,,.P>P.....k#*********#....
,,,,,*,,..PP....P..#,*,*,,,*,*#..
**,,,,,,...............,,.P......
*,,,,,*,...............,,........
*,,,,,,,.....#..........∆....##..
,,,,,,,,.##..+..........,.P.,,...
,,,,,,,,,*..,...........,..,,....
,*,,,,,,,###*..........,,.,,.....


You could see 4 oklob plants and a rime drake (catching breath).

Vanquished Creatures
  Agnes (D:14)
  Kirke (D:14)
  3 orc warlords
  2 ettins
  Erolcha (D:13)
  A death ooze (Lair:2)
  A rakshasa (D:13)
  2 boulder beetles
  Harold (Lair:2)
  The ghost of Paulthewizard the Reanimator, a journeyman DsNe of Sif Muna (Lair:2)
  7 hydras
  The ghost of Wertik the Frost Mage, a journeyman DrIE of Sif Muna (D:11)
  A catoblepas (Lair:2)
  10 two-headed ogres
  Erica (D:10)
  4 centaur warriors
  A death knight (D:14)
  3 tengu warriors
  A vampire mage (D:15)
  3 orc high priests
  9 death yaks
  2 hell hogs (Volcano)
  Urug (D:11)
  2 skeletal warriors (D:15)
  3 unseen horrors
  An orc knight (Orc:2)
  2 wolf spider zombies (D:14)
  An orb spider (shapeshifter) (D:14)
  A necromancer (D:15)
  5 cyclopes
  A manticore (shapeshifter) (D:14)
  A faun (shapeshifter) (D:14)
  3 salamanders (Volcano)
  3 manticores
  2 oklob plants
  6 elephants (Lair:5)
  10 ugly things
  A guardian serpent (shapeshifter) (D:14)
  4 molten gargoyles (D:15)
  6 cane toads
  2 gargoyles
  2 spriggan zombies (D:15)
  3 rime drakes
  A komodo dragon (shapeshifter) (D:13)
  2 efreet (D:10)
  2 freezing wraiths
  4 komodo dragons
  2 tengu conjurers
  9 trolls
  2 polar bears
  A tyrant leech (Lair:3)
  A meliai (D:13)
  A harpy skeleton (D:15)
  15 slime creatures
  10 blink frogs
  A deep troll zombie (D:15)
  Grinder (D:5)
  Sigmund (D:3)
  A spriggan skeleton (D:15)
  2 shadows
  27 yaks
  A vampire (D:12)
  3 wraiths (D:15)
  7 wyverns
  5 hogs (D:14)
  A steam dragon (D:10)
  2 wargs
  2 nagas (Lair:2)
  9 vampire mosquitoes
  A soldier ant (D:10)
  Edmund (D:5)
  8 water moccasins
  A hell hound (Volcano)
  52 orc warriors
  8 sky beasts
  A phantom (D:9)
  6 ice beasts
  2 eyes of draining
  2 black bears
  2 necrophages
  A hornet zombie (D:12)
  3 wolves (Lair:5)
  13 ogres
  9 centaurs
  Blork the orc (D:5)
  2 big kobolds
  16 bullfrogs
  A wyvern zombie (D:13)
  3 scorpions
  2 water moccasin skeletons (D:10)
  8 killer bees
  13 wights
  2 howler monkeys
  4 bullfrog zombies (D:5)
  6 centaur zombies
  9 jellies
  3 quasits
  5 centaur skeletons
  5 hounds
  Crazy Yiuf (D:6)
  24 orc priests
  3 bullfrog skeletons
  33 orc wizards
  7 iguanas
  Jessica (D:2)
  Natasha (thrice) (D:3)
  Terence (D:3)
  11 worker ants
  3 killer bee zombies
  3 hound zombies
  A hound skeleton (D:11)
  A howler monkey zombie (D:5)
  4 worker ant zombies
  14 gnolls
  A howler monkey skeleton (D:5)
  11 adders
  2 shadow imps (D:6)
  2 white imps
  3 ufetubi
  An adder skeleton (D:5)
  6 dart slugs
  4 leopard geckos
  131 orcs
  5 giant cockroaches
  24 goblins
  20 hobgoblins
  19 kobolds
  2 quokkas
  2 ball pythons
  6 bats
  3 frilled lizards
  2 giant cockroach zombies
  2 jackal zombies
  2 leopard gecko skeletons
  A quokka skeleton (D:5)
  6 quokka zombies (D:5)
  10 rats
795 creatures vanquished.

Vanquished Creatures (collateral kills)
  Rupert (D:15)
  2 yaks (D:13)
  A black bear (D:12)
  An orc warrior (Orc:1)
  2 wights (D:12)
  An orc priest (Orc:1)
  2 orcs (Orc:1)
10 creatures vanquished.

Vanquished Creatures (others)
  An unseen horror (D:10)
  A human (D:14)
  A jelly (D:15)
  A kobold (D:14)
  14 foxfires
  13 fungi
  18 plants
  6 withered plants
55 creatures vanquished.

Grand Total: 860 creatures vanquished

Notes
Turn   | Place    | Note
-------+----------+-------------------------------------------
     0 | D:1      | FishyPogo the Gnoll Transmuter began the quest for the Orb.
     0 | D:1      | Reached XP level 1. HP: 17/17 MP: 6/6
   114 | D:1      | Reached XP level 2. HP: 21/23 MP: 5/7
   605 | D:1      | Reached XP level 3. HP: 27/28 MP: 9/9
   725 | D:1      | Reached skill level 5 in Spellcasting
  1032 | D:2      | Reached skill level 1 in Invocations
  1259 | D:2      | Noticed Jessica
  1264 | D:2      | Killed Jessica
  1265 | D:2      | Reached skill level 1 in Short Blades
  1265 | D:2      | Reached skill level 1 in Long Blades
  1265 | D:2      | Reached skill level 1 in Axes
  1265 | D:2      | Reached skill level 1 in Maces & Flails
  1265 | D:2      | Reached skill level 1 in Polearms
  1265 | D:2      | Reached skill level 1 in Staves
  1265 | D:2      | Reached skill level 1 in Slings
  1265 | D:2      | Reached skill level 1 in Bows
  1265 | D:2      | Reached skill level 1 in Crossbows
  1265 | D:2      | Reached skill level 1 in Throwing
  1265 | D:2      | Reached skill level 1 in Armour
  1265 | D:2      | Reached skill level 1 in Stealth
  1265 | D:2      | Reached skill level 1 in Shields
  1265 | D:2      | Reached skill level 1 in Evocations
  1265 | D:2      | Reached XP level 4. HP: 32/34 MP: 9/11
  1294 | D:2      | Learned a level 3 spell: Spider Form
  1297 | D:2      | Learned a level 2 spell: Wereblood
  1492 | D:2      | Found an ancient bone altar of Kikubaaqudgha.
  1729 | D:2      | Reached skill level 1 in Conjurations
  1729 | D:2      | Reached skill level 1 in Hexes
  1729 | D:2      | Reached skill level 1 in Summonings
  1729 | D:2      | Reached skill level 1 in Necromancy
  1729 | D:2      | Reached skill level 1 in Translocations
  1729 | D:2      | Reached skill level 1 in Fire Magic
  1729 | D:2      | Reached skill level 1 in Ice Magic
  1729 | D:2      | Reached skill level 1 in Air Magic
  1729 | D:2      | Reached skill level 1 in Earth Magic
  1729 | D:2      | Reached skill level 1 in Poison Magic
  1998 | D:2      | Found a sacrificial altar of Ru.
  2005 | D:2      | Found a broken altar of Ashenzari.
  2005 | D:2      | Found a snail-covered altar of Cheibriados.
  2013 | D:2      | Became a worshipper of Cheibriados the Contemplative
  2276 | D:3      | You fall into a shaft and drop 2 floors!
  2276 | D:5      | Entered Level 5 of the Dungeon
  2284 | D:5      | Reached XP level 5. HP: 29/40 MP: 10/12
  2733 | D:4      | Noticed an ogre
  2756 | D:4      | Killed an ogre
  2756 | D:4      | Reached * piety under Cheibriados
  2757 | D:4      | Reached skill level 5 in Dodging
  2757 | D:4      | Reached XP level 6. HP: 22/47 MP: 10/14
  2760 | D:4      | Got a smouldering broad axe
  2762 | D:4      | Identified the cursed +3 broad axe of Departure {freeze,
                  | rPois rN+ Will+} (You found it on level 4 of the Dungeon)
  3288 | D:3      | Noticed Terence
  3295 | D:3      | Killed Terence
  3644 | D:3      | Noticed Sigmund
  3662 | D:3      | Killed Sigmund
  3663 | D:3      | Reached skill level 7 in Unarmed Combat
  3663 | D:3      | Reached XP level 7. HP: 40/52 MP: 11/15
  3897 | D:3      | Noticed Natasha
  3899 | D:3      | Killed Natasha
  5056 | D:3      | Noticed Natasha
  5063 | D:3      | Killed Natasha
  5063 | D:3      | Reached ** piety under Cheibriados
  5064 | D:3      | Reached XP level 8. HP: 46/60 MP: 16/16
  5186 | D:3      | Noticed Natasha
  5194 | D:3      | Killed Natasha
  5313 | D:5      | Noticed Edmund
  5320 | D:5      | Killed Edmund
  5374 | D:5      | Found a shadowy altar of Dithmenos.
  5388 | D:5      | Noticed Blork the orc
  5391 | D:5      | Killed Blork the orc
  5718 | D:5      | Noticed Grinder
  5721 | D:5      | Killed Grinder
  6287 | D:5      | Reached *** piety under Cheibriados
  6288 | D:5      | Reached XP level 9. HP: 66/66 MP: 18/18
  6463 | D:5      | Reached skill level 5 in Transmutations
  7142 | D:6      | Found a runed translucent door.
  7144 | D:6      | Noticed Crazy Yiuf
  7151 | D:6      | Killed Crazy Yiuf
  7272 | D:6      | Found an iron altar of Okawaru.
  7281 | D:6      | Found a bloodstained altar of Trog.
  7536 | D:7      | Reached skill level 5 in Fighting
  7686 | D:7      | Reached **** piety under Cheibriados
  7937 | D:7      | Found a staircase to the Ecumenical Temple.
  7938 | D:7      | Got a jewelled ring mail
  7949 | D:7      | Identified the +1 ring mail of Wonder {-Tele rN+ Str+5
                  | Slay-4} (You found it on level 7 of the Dungeon)
  8081 | D:7      | Learned a level 3 spell: Inner Flame
  8510 | D:8      | Reached skill level 8 in Unarmed Combat
  8578 | D:8      | Reached skill level 5 in Invocations
  8762 | D:8      | Noticed a two-headed ogre
  8767 | D:8      | Killed a two-headed ogre
  8768 | D:8      | Reached skill level 5 in Short Blades
  8768 | D:8      | Reached skill level 5 in Long Blades
  8768 | D:8      | Reached skill level 5 in Axes
  8768 | D:8      | Reached skill level 5 in Maces & Flails
  8768 | D:8      | Reached skill level 5 in Polearms
  8768 | D:8      | Reached skill level 5 in Staves
  8768 | D:8      | Reached skill level 5 in Slings
  8768 | D:8      | Reached skill level 5 in Bows
  8768 | D:8      | Reached skill level 5 in Crossbows
  8768 | D:8      | Reached skill level 5 in Throwing
  8768 | D:8      | Reached skill level 5 in Armour
  8768 | D:8      | Reached skill level 5 in Stealth
  8768 | D:8      | Reached skill level 5 in Shields
  8768 | D:8      | Reached skill level 5 in Evocations
  8768 | D:8      | Reached XP level 10. HP: 62/76 MP: 20/20
  8896 | D:8      | Noticed a two-headed ogre
  8901 | D:8      | Killed a two-headed ogre
  8901 | D:8      | Reached ***** piety under Cheibriados
 10167 | D:9      | Reached XP level 11. HP: 83/83 MP: 22/22
 10258 | D:9      | Reached skill level 9 in Unarmed Combat
 10572 | D:9      | Reached skill level 5 in Conjurations
 10572 | D:9      | Reached skill level 5 in Hexes
 10572 | D:9      | Reached skill level 5 in Summonings
 10572 | D:9      | Reached skill level 5 in Necromancy
 10572 | D:9      | Reached skill level 5 in Translocations
 10572 | D:9      | Reached skill level 5 in Fire Magic
 10572 | D:9      | Reached skill level 5 in Ice Magic
 10572 | D:9      | Reached skill level 5 in Air Magic
 10572 | D:9      | Reached skill level 5 in Earth Magic
 10572 | D:9      | Reached skill level 5 in Poison Magic
 10581 | D:9      | Learned a level 5 spell: Silence
 10645 | D:9      | Found a sparkling altar of Nemelex Xobeh.
 10719 | D:9      | Found Muptopn's Weapon Shop.
 11000 | D:10     | Entered Level 10 of the Dungeon
 11044 | D:10     | Killed an unseen horror
 11272 | D:10     | Found a staircase to the Orcish Mines.
 11468 | D:10     | Reached ****** piety under Cheibriados
 11511 | D:10     | Learned a level 5 spell: Fireball
 11780 | D:10     | Found a blossoming altar of Fedhas.
 11808 | D:10     | Found a runed translucent door.
 11808 | D:10     | Found a runed translucent door.
 11808 | D:10     | Noticed a tengu warrior
 12011 | D:10     | Noticed Erica
 12018 | D:10     | Killed Erica
 12520 | D:10     | Killed a tengu warrior
 12603 | D:10     | Found a runed translucent door.
 12604 | D:10     | Noticed a purple ugly thing
 12604 | D:10     | Noticed a two-headed ogre
 12605 | D:10     | Noticed a seven-headed hydra
 12619 | D:10     | Killed a two-headed ogre
 12641 | D:10     | Killed a purple ugly thing
 12642 | D:10     | Reached XP level 12. HP: 60/91 MP: 24/24
 12644 | D:10     | Killed a four-headed hydra
 12974 | D:10     | Noticed a tengu warrior
 12974 | D:10     | Noticed a centaur warrior
 12986 | D:10     | Killed a centaur warrior
 12990 | D:10     | Killed a tengu warrior
 13211 | D:10     | Learned a level 4 spell: Summon Lightning Spire
 13216 | D:10     | Got a crystal falchion
 13217 | D:10     | Identified the +8 falchion "Maacw" {vamp, Str+6} (You found
                  | it on level 10 of the Dungeon)
 13470 | D:11     | Found a flagged portal.
 13472 | D:11     | Found a staircase to the Lair.
 13475 | D:11     | Found a runed translucent gate.
 13475 | D:11     | Found a runed translucent gate.
 13478 | D:11     | Learned a level 1 spell: Foxfire
 13479 | Bailey   | Entered a bailey
 13713 | Bailey   | Noticed an orc warlord
 13730 | Bailey   | Killed an orc warlord
 13731 | Bailey   | Reached skill level 10 in Unarmed Combat
 14007 | Bailey   | Got a translucent bone amulet
 14025 | Bailey   | Got a shimmering leather armour
 14035 | Bailey   | Identified the cursed +1 leather armour of Greed {rN+} (You
                  | found it in a bailey)
 14049 | Bailey   | Identified the amulet "Humer" {RegenMP Str+5} (You found it
                  | in a bailey)
 14118 | D:11     | Found a runed translucent gate.
 14229 | D:11     | Noticed Urug
 14256 | D:11     | Killed Urug
 14289 | D:11     | Noticed a boulder beetle
 14310 | D:11     | Killed a boulder beetle
 14315 | D:11     | Noticed a two-headed ogre
 14325 | D:11     | Killed a two-headed ogre
 14339 | D:11     | Identified a scroll of acquirement
 14341 | D:11     | Acquired a book of Death
 14504 | D:11     | Learned a level 5 spell: Excruciating Wounds
 14595 | D:11     | Found the +3 warlock's mirror {reflect}
 14767 | D:11     | Noticed Wertik's ghost (journeyman DrIE)
 14768 | D:11     | Identified Umacer's Collected Works on Creative
                  | Contamination
 15010 | D:11     | Reached XP level 13. HP: 95/97 MP: 26/26
 15108 | D:11     | Killed Wertik's ghost
 15342 | D:12     | Found Xaugyxt's Distillery.
 15663 | D:12     | Found Kaac's Armour Boutique.
 15942 | D:13     | Noticed Erolcha
 15946 | D:13     | Killed Erolcha
 16237 | D:13     | Noticed a rakshasa
 16268 | D:13     | HP: 5/101 [rock wall collision (17)]
 16601 | D:13     | Killed a rakshasa
 16602 | D:13     | Reached skill level 10 in Spellcasting
 17721 | D:14     | Reached XP level 14. HP: 86/108 MP: 28/28
 17820 | D:14     | Reached skill level 10 in Dodging
 17879 | D:14     | Reached skill level 11 in Unarmed Combat
 18302 | D:14     | Noticed Agnes
 18319 | D:14     | Killed Agnes
 18911 | D:14     | Found a gate to the Vaults.
 18912 | D:14     | Noticed Kirke
 18941 | D:14     | Reached skill level 10 in Invocations
 18960 | D:14     | Killed Kirke
 19118 | D:14     | Found Bauwk's Antique Weapon Emporium.
 19279 | D:14     | You fall into a shaft and drop 1 floor!
 19279 | D:15     | Entered Level 15 of the Dungeon
 20186 | D:15     | Found a staircase to the Depths.
 20390 | D:15     | Noticed Rupert
 20406 | D:15     | Killed Rupert
 20635 | D:15     | Reached skill level 10 in Fighting
 20676 | D:15     | Reached XP level 15. HP: 59/115 MP: 29/29
 21290 | Orc:1    | Entered Level 1 of the Orcish Mines
 21311 | Orc:1    | Noticed an orc warlord
 21333 | Orc:1    | Killed an orc warlord
 21524 | Orc:2    | Entered Level 2 of the Orcish Mines
 21564 | Orc:2    | Found Qapifar's Book Boutique.
 21617 | Orc:2    | Found a roughly hewn altar of Beogh.
 21617 | Orc:2    | Found Ocsov's Jewellery Boutique.
 21738 | Orc:2    | Found a roughly hewn altar of Beogh.
 21888 | Orc:2    | Found a roughly hewn altar of Beogh.
 21891 | Orc:2    | Found Duozep's General Store.
 22078 | Orc:2    | Found a roughly hewn altar of Beogh.
 22204 | Orc:2    | Found a staircase to the Elven Halls.
 22291 | Orc:2    | Found a roughly hewn altar of Beogh.
 22348 | Orc:2    | Noticed an orc warlord
 22363 | Orc:2    | Killed an orc warlord
 22364 | Orc:2    | Reached skill level 10 in Short Blades
 22364 | Orc:2    | Reached skill level 10 in Long Blades
 22364 | Orc:2    | Reached skill level 10 in Axes
 22364 | Orc:2    | Reached skill level 10 in Maces & Flails
 22364 | Orc:2    | Reached skill level 10 in Polearms
 22364 | Orc:2    | Reached skill level 10 in Staves
 22364 | Orc:2    | Reached skill level 10 in Slings
 22364 | Orc:2    | Reached skill level 10 in Bows
 22364 | Orc:2    | Reached skill level 10 in Crossbows
 22364 | Orc:2    | Reached skill level 10 in Throwing
 22364 | Orc:2    | Reached skill level 10 in Armour
 22364 | Orc:2    | Reached skill level 10 in Stealth
 22364 | Orc:2    | Reached skill level 10 in Shields
 22364 | Orc:2    | Reached skill level 10 in Evocations
 22465 | Orc:2    | Found Azamu's Antique Armour Shoppe.
 22466 | Orc:2    | Found a roughly hewn altar of Beogh.
 22467 | Orc:2    | Found Vapitu's Antique Weapon Emporium.
 22784 | Orc:1    | Found a roughly hewn altar of Beogh.
 22879 | Orc:1    | You fall into a shaft and drop 1 floor!
 23108 | Lair:1   | Entered Level 1 of the Lair of Beasts
 24235 | Lair:2   | Noticed Harold
 24244 | Lair:2   | Killed Harold
 24372 | Lair:2   | Reached skill level 12 in Unarmed Combat
 24372 | Lair:2   | Reached XP level 16. HP: 124/124 MP: 31/31
 24480 | Lair:2   | Found a runed translucent gate.
 24480 | Lair:2   | Found a runed translucent gate.
 24480 | Lair:2   | Found a runed translucent gate.
 24483 | Lair:2   | Found a viscous altar of Jiyva.
 24483 | Lair:2   | Noticed Paulthewizard's ghost (journeyman DsNe)
 24495 | Lair:2   | Killed Paulthewizard's ghost
 24846 | Lair:2   | Found a staircase to the Snake Pit.
 25078 | Lair:3   | Acquired 825 gold pieces
 25543 | Lair:3   | Found a staircase to the Swamp.
 26026 | Lair:4   | Reached XP level 17. HP: 131/131 MP: 32/32
 26587 | Lair:5   | Got a faintly humming ring mail
 26598 | Lair:5   | Identified the +2 ring mail of Paskoiff {rC++ Will+} (You
                  | found it on level 5 of the Lair of Beasts)
 26619 | Lair:5   | Learned a level 5 spell: Borgnjor's Vile Clutch
 26631 | Lair:5   | Found a dark tunnel.
 26728 | Volcano  | Entered a volcano
 26806 | Volcano  | Reached skill level 10 in Transmutations
 26845 | Volcano  | Got a pair of fine gloves
 26856 | Volcano  | Identified the +0 pair of gloves of Dogmatism {Int+6} (You
                  | found it in a volcano)
 27562 | Lair:5   | Found a staircase to the Slime Pits.
 27567 | Lair:5   | Splashed by an oklob plant's acid

Illustrated notes

Levels and vault maps discovered:
D:1:      evilmike_arrival_hilbert_curve, layout_basic, minmay_close_crescents
D:2:      layout_loops_corners, old_standard_altar, minitemple, minmay_between,
          uniq_jessica
D:3:      layout_loops_ring, uniq_terence, uniq_natasha, uniq_sigmund
D:4:      layout_gridville
D:5:      layout_basic, serial_undead, serial_undead_e, serial_undead_e,
          serial_undead_d, serial_undead_e, serial_undead_b, serial_undead_c,
          serial_undead_d, serial_undead_b, serial_undead_f, serial_undead_e,
          basic_altar, uniq_edmund, uniq_blork_the_orc, uniq_grinder
D:6:      layout_cave_pools, kennysheep_mini, basic_altar,
          uniq_crazy_yiuf_cottage
D:7:      layout_loops_ring, minmay_temple_entry_stoned_glass
D:8:      layout_basic
D:9:      layout_gridville, nemelex_xobeh_ov_fountains_minmay, serial_shops,
          shop, special_room [special_room_orc]
D:10:     minmay_the_grid_triangle_9x9_rhombus_full
          [minmay_the_grid_triangle_9x9_warning,
          minmay_the_grid_triangle_9x9_tough_junction,
          minmay_the_grid_triangle_9x9_impossible_snake,
          minmay_the_grid_triangle_9x9_intruding_spiral,
          minmay_the_grid_triangle_9x9_shrine,
          minmay_the_grid_triangle_9x9_from_above,
          minmay_the_grid_triangle_9x9_subtriangle,
          minmay_the_grid_triangle_9x9_prize_top_heavy], layout_loops_ring,
          david_orc_3, uniq_erica
D:11:     layout_loops_ring, lair_entry_dummy, enter_bailey_2,
          ebering_ghost_rock_garden, uniq_urug
D:12:     layout_rooms, serial_shops, kennysheep_little_box, shop_statue
D:13:     minmay_blocking_statues, layout_long_grid, nicolae_water_bricks,
          uniq_erolcha
D:14:     layout_loops_corners, david_vaults_2, minmay_misc_feat_chi,
          serial_shops, shop, uniq_kirke, uniq_agnes
D:15:     gammafunk_depths_entry_grave, layout_rooms, serial_rivers,
          chequers_serial_rivers_micro_a, chequers_serial_rivers_micro_b,
          chequers_serial_rivers_large_b, chequers_serial_rivers_small_b,
          chequers_serial_rivers_micro_a, chequers_serial_rivers_small_3,
          minivault_8, uniq_rupert
Lair:1:   layout_gridlike, serial_rivers, chequers_serial_rivers_micro_a,
          chequers_serial_rivers_micro_e, chequers_serial_rivers_small_a,
          chequers_serial_rivers_room_a, chequers_serial_rivers_micro_c,
          chequers_serial_rivers_room_a, minmay_lair_oklob_chamber
Lair:2:   layout_chaotic_city, guppyfry_snake_entry_garden,
          gammafunk_ghost_ooze, lemuel_fruit_fields, uniq_harold
Lair:3:   layout_hall_layers, minmay_swamp_entry_worms
Lair:4:   layout_long_grid, beast_lair_carwin_7
Lair:5:   layout_roguey, minmay_slime_entry_oklob_open,
          nicolae_volcano_entry_s_turn, serial_bayou_lagoon_a, minivault_19,
          lemuel_fruit_fields
Orc:1:    layout_diamond_mine, kennysheep_orc_chapel
Orc:2:    grunt_orc_community_town_hall, layout_diamond_mine,
          grunt_orc_community_big_house_1, grunt_orc_community_big_house_1,
          grunt_orc_community_house_2, grunt_orc_community_house_2,
          grunt_orc_community_house_3, grunt_orc_community_house_1,
          serial_shops, shop

Skill      XL: |  1  2  3  4  5  6  7  8  9 10 11 12 13 14 15 16 17 |
---------------+----------------------------------------------------+-----
Spellcasting   | 5 6 7 8 9 10 11 | 11.8
Invocations    | 1 2 3 4 5 6 7 8 9 10 11 | 11.7
Short Blades   | 1 2 3 5 6 7 8 9 10 | 10.8
Long Blades    | 1 2 3 5 6 7 8 9 10 | 10.8
Axes           | 1 2 3 5 6 7 8 9 10 | 10.8
Maces & Flails | 1 2 3 5 6 7 8 9 10 | 10.8
Polearms       | 1 2 3 5 6 7 8 9 10 | 10.8
Staves         | 1 2 3 5 6 7 8 9 10 | 10.8
Slings         | 1 2 3 5 6 7 8 9 10 | 10.8
Bows           | 1 2 3 5 6 7 8 9 10 | 10.8
Crossbows      | 1 2 3 5 6 7 8 9 10 | 10.8
Throwing       | 1 2 3 5 6 7 8 9 10 | 10.8
Armour         | 1 2 3 5 6 7 8 9 10 | 10.8
Stealth        | 1 2 3 5 6 7 8 9 10 | 10.8
Shields        | 1 2 3 5 6 7 8 9 10 | 10.8
Evocations     | 1 2 3 5 6 7 8 9 10 | 10.8
Conjurations   | 1 2 3 4 5 6 7 8 9 |  9.2
Hexes          | 1 2 3 4 5 6 7 8 9 |  9.2
Summonings     | 1 2 3 4 5 6 7 8 9 |  9.2
Necromancy     | 1 2 3 4 5 6 7 8 9 |  9.2
Translocations | 1 2 3 4 5 6 7 8 9 |  9.2
Fire Magic     | 1 2 3 4 5 6 7 8 9 |  9.2
Ice Magic      | 1 2 3 4 5 6 7 8 9 |  9.2
Air Magic      | 1 2 3 4 5 6 7 8 9 |  9.2
Earth Magic    | 1 2 3 4 5 6 7 8 9 |  9.2
Poison Magic   | 1 2 3 4 5 6 7 8 9 |  9.2
Fighting       | 3 4 5 6 7 8 9 10 11 | 11.1
Transmutations | 4 5 6 7 8 9 10 | 10.0
Dodging        | 5 6 7 8 9 10 11 | 11.6
Unarmed Combat | 7 8 9 10 11 12 | 12.4

Action                   |  1- 3 |  4- 6 |  7- 9 | 10-12 | 13-15 | 16-18 || total
-------------------------+-------+-------+-------+-------+-------+-------++-------
Melee: Unarmed           |    72 |    73 |       |    10 |       |       ||   155
       Kick              |    13 |    23 |    63 |   125 |   316 |   122 ||   662
       Headbutt          |     8 |    14 |    38 |    68 |   161 |    71 ||   360
       Bite              |     5 |     5 |    38 |    73 |   185 |    53 ||   359
       Punch             |     2 |     3 |     9 |    32 |       |       ||    46
       Broad axe         |       |    28 |   213 |   202 |     7 |       ||   450
       Scimitar          |       |       |       |    42 |   260 |    30 ||   332
       Falchion          |       |       |       |   125 |   502 |   159 ||   786
Throw: Dart              |       |       |     3 |     3 |    14 |     2 ||    22
 Cast: Beastly Appendage |    16 |    20 |    35 |    33 |    45 |    14 ||   163
       Spider Form       |       |     2 |       |     1 |       |       ||     3
       Wereblood         |       |     2 |     1 |     8 |    20 |     3 ||    34
       Fireball          |       |       |       |     1 |       |     2 ||     3
       Silence           |       |       |       |     1 |       |       ||     1
       Foxfire           |       |       |       |     5 |     6 |     2 ||    13
       Summon Lightning  |       |       |       |     2 |     8 |     1 ||    11
       Excruciating Woun |       |       |       |     1 |     2 |       ||     3
 Abil: End Transformatio |       |     1 |       |     1 |       |       ||     2
Evoke: Phial of floods   |       |       |       |       |     1 |       ||     1
  Use: Potion            |       |     1 |       |     2 |     6 |     1 ||    10
       Scroll            |       |       |       |    25 |     5 |     8 ||    38
 Stab: Sleeping          |       |       |     9 |    19 |    26 |     6 ||    60
       Distracted        |       |       |     1 |     4 |     2 |     1 ||     8
Armor: Leather armour    |    12 |    14 |    29 |    30 |    45 |     2 ||   132
       Ring mail         |       |       |       |    33 |    64 |    17 ||   114
       Troll leather arm |       |       |       |     7 |       |       ||     7
       Scale mail        |       |       |       |       |       |     1 ||     1
Dodge: Dodged            |    48 |    85 |   234 |   389 |   534 |   100 ||  1390
Block: Other             |       |       |     7 |    60 |       |       ||    67
       Reflection        |       |       |       |     3 |    44 |     2 ||    49
       Buckler           |       |       |       |     2 |   753 |   120 ||   875
       Rpst.: Scimitar   |       |       |       |     9 |    25 |     5 ||    39
       Falchion          |       |       |       |    41 |    78 |    25 ||   144
